 Dungeon Crawl Stone Soup version 0.30-a0-920-g7493c07aab (webtiles) character file.

Game seed: 10561541945691897886

5 jasper the Sneak (level 1, -1/14 HPs)
             Began as a Gargoyle Delver on Mar 21, 2023.
             Slain by an orc
             ... wielding a +0 flail
              (4 damage)
             ... on level 5 of the Dungeon.
             The game lasted 00:00:35 (142 turns).

jasper the Sneak (Gargoyle Delver)                   Turns: 142, Time: 00:00:35

Health: -1/14      AC:  5    Str: 15    XL:     1   Next: 80%
Magic:  1/1        EV: 11    Int: 10    God:
Gold:   0          SH:  0    Dex: 11    Spells: 0/0 levels left

rFire   . . .      SeeInvis .    a - +0 hand axe
rCold   . . .      Faith    .    (no shield)
rNeg    + . .      Spirit   .    b - +0 leather armour
rPois   ∞          Reflect  .    (no helmet)
rElec   +          Rampage  .    (no cloak)
rCorr   .                        (no gloves)
Will    .....                    (no boots)
Stlth   +++                      (no amulet)
HPRegen 0.22/turn                (no ring)
MPRegen 0.07/turn                (no ring)

@: no status effects
A: sickness immunity, AC +2, negative energy resistance 1, electricity
resistance, torment resistance 1, petrification resistance
a: no special abilities


You were on level 5 of the Dungeon.
You visited 1 branch of the dungeon, and saw 1 of its levels.

Inventory:

Hand Weapons
 a - a +0 hand axe (weapon)
Armour
 b - a +0 leather armour (worn)
Wands
 g - a wand of digging (3)
Scrolls
 c - a scroll of fog
 d - a scroll of magic mapping
Potions
 f - a potion of haste
 i - a potion of curing {unknown}
 j - a potion of brilliance {unknown}


   Skills:
 - Level 3.2 Fighting
 + Level 2.2 Axes
 - Level 1.5 Dodging
 - Level 5.4 Stealth


You couldn't memorise any spells.
You didn't know any spells.
Your spell library was empty.

Dungeon Overview and Level Annotations

Branches:
Dungeon (5/15)
 Temple: D:4-7

Altars:


Innate Abilities, Weirdness & Mutations

You are immune to sickness and miasma.
Your stone body is resilient. (AC +2)
You are immune to poison.
You resist negative energy. (rN+)
You are resistant to electric shocks. (rElec)
You are resistant to unholy torment.
You are immune to petrification.


Message History

The ufetubus hits you. The ufetubus barely misses you.
You take 2 damage, and have 11/14 hp.
You hit the ufetubus.
The ufetubus is moderately wounded.
The ufetubus closely misses you. The ufetubus misses you. x2
The ufetubus closely misses you.
You hit the ufetubus.
The ufetubus is heavily wounded.
The ufetubus barely misses you. The ufetubus closely misses you.
The ufetubus hits you but does no damage.
The ufetubus hits you.
You closely miss the ufetubus. Your punch misses the ufetubus.
The ufetubus is heavily wounded.
The ufetubus barely misses you. The ufetubus hits you.
The ufetubus barely misses you. The ufetubus hits you.
You take 5 damage, and have 6/14 hp.
MASSIVE DAMAGE!!
You hit the ufetubus but do no damage.
The ufetubus is heavily wounded.
The ufetubus barely misses you. The ufetubus misses you.
You hit the ufetubus.
You kill the ufetubus!
Your Axes skill increases to level 2!
You start resting.
An iguana is nearby!
You regained 4 hp, and now have 11/14 hp.
An orc comes into view. It is wielding a +0 flail.
The orc shouts!
You hear a shout!
An orc comes into view. It is wielding a +0 flail.
A scorpion comes into view.
Found a stone staircase leading up.
An orc comes into view. It is wielding a +0 whip.
The orc attacks as you move away! The orc closely misses you.
Found 7 stones.
The orc attacks as you move away! The orc hits you with a +0 flail!
Ouch! That really hurt!
You take 7 damage, and have 6/14 hp.
MASSIVE DAMAGE!!
The scorpion attacks as you move away! The scorpion stings you.
* * * LOW HITPOINT WARNING * * *
You take 4 damage, and have 3/14 hp.
MASSIVE DAMAGE!!
The orc attacks as you move away! The orc hits you with a +0 flail.
You die...

.##.#..#.##..........
##.#.......###......
......#.##.# #.#....
.#.##...##.# #.#....
#......##.# #.#....
#.####.#.##.###.#....
.......#.#.....
#.#####.o........
#....@os.(#..###.
###########....#
.#... .# #. . ##


You could see a scorpion and 2 orcs.

Vanquished Creatures
  An ufetubus (D:5)
1 creature vanquished.

Notes
Turn   | Place    | Note
-------+----------+-------------------------------------------
     0 | D:5      | jasper the Gargoyle Delver began the quest for the Orb.
     0 | D:5      | Reached XP level 1. HP: 14/14 MP: 1/1
    51 | D:5      | Noticed an iguana
   129 | D:5      | Noticed a scorpion
   142 | D:5      | Slain by an orc

Illustrated notes

Levels and vault maps discovered:
D:5:      layout_loops_cross, hangedman_abyss_or_decor_stagger

Skill      XL: |  1 |
---------------+----+-----
Axes           | 2 |  2.2
Fighting       | |  3.2
Dodging        | |  1.5
Stealth        | |  5.4

Action                     || total
---------------------------++-------
  Melee: Hand axe          ||     8
  Throw: Dart              ||     5
    Use: Scroll            ||     1
 Armour: Leather armour    ||     4
  Dodge: Dodged            ||    20

Table legend: (Time is in decaauts)
 A = Elapsed time spent in this place.
 B = Non-inter-level travel time spent in this place.
 C = Inter-level travel time spent in this place.
 D = Time resting spent in this place.
 E = Time spent auto-exploring this place.
 F = Levels seen in this place.
 G = Mean time per level.
                   A        B        C        D        E       F      G
               +--------+--------+--------+--------+--------+-----+--------+
         Total |    143 |    143 |      0 |     18 |     43 |   1 |  143.0 |
       Dungeon |    143 |    143 |      0 |     18 |     43 |   1 |  143.0 |
               +--------+--------+--------+--------+--------+-----+--------+

Top non-repeatable levels by time:
     D:5: 143 daAuts
